 Dungeon Crawl Stone Soup version 0.18.1-48-g4cf74bf (webtiles) character file.

39 Krovax1 the Pannier (level 3, -2/23 HPs)
             Began as a Halfling Artificer on July 19, 2016.
             Was an Initiate of Nemelex Xobeh.
             Slain by a cyan ugly thing (17 damage)
             ... summoned by the player character
             ... on level 2 of the Dungeon.
             The game lasted 00:14:23 (1602 turns).

Krovax1 the Pannier (Halfling Artificer)            Turns: 1602, Time: 00:14:23

Health: -2/23      AC:  4    Str: 11    XL:     3   Next: 70%
Magic:  5/5        EV: 14    Int: 11    God:    Nemelex Xobeh [......]
Gold:   63         SH:  0    Dex: 15    Spells: 0 memorised, 2 levels left

rFire  . . .     SeeInvis .     a - +0 short sword
rCold  . . .     Gourm    .     b - +1 leather armour
rNeg   . . .     Faith    .     (shield restricted)
rPois  .         Spirit   .     (no helmet)
rElec  .         Dismiss  .     (no cloak)
rCorr  .         Reflect  .     (no gloves)
SustAt .         Harm     .     (no boots)
MR     .....                    (no amulet)
Stlth  ++........               (no ring)
                                (no ring)

@: not resistant to hostile enchantments, unstealthy
A: mutation resistance 1
a: Renounce Religion


You were on level 2 of the Dungeon.
You worshipped Nemelex Xobeh.
Nemelex Xobeh was noncommittal.
You were not hungry.

You visited 1 branch of the dungeon, and saw 2 of its levels.

You collected 63 gold pieces.

Inventory:

Hand Weapons
 a - a +0 short sword (weapon)
Armour
 b - a +1 leather armour (worn)
Wands
 c - a wand of flame (9/48)
 d - a wand of enslavement (13/24)
 e - a wand of random effects (14/48)
Scrolls
 i - 2 scrolls of identify
 l - a scroll of teleportation {unknown}
Potions
 k - a potion of agility
 m - a potion of might {unknown}
 n - a potion of heal wounds {unknown}
Miscellaneous
 h - a plain deck of war {drawn: 1}
Comestibles
 f - a bread ration
 g - a chunk of flesh
 j - a slice of pizza


   Skills:
 + Level 1.1 Fighting
 + Level 1.7 Short Blades
 + Level 0.4 Armour
 + Level 2.5 Dodging
 + Level 1.3 Stealth
 * Level 3.8 Evocations


You had 2 spell levels left.
You didn't know any spells.

Dungeon Overview and Level Annotations

Branches:
Dungeon (2/15)

Altars:
Nemelex Xobeh


Innate Abilities, Weirdness & Mutations

You are small and have problems with some larger weapons.
You are somewhat resistant to further mutation.


Message History

You draw a card...
It is Repulsiveness.
Press: ? - help, v - describe, . - travel, g - get item
Here: a cyan ugly thing (summoned) 12 gold pieces.
The floor.
A bat comes into view.
Your purple ugly thing trunk-slaps the cyan ugly thing!!
The bat moves out of view.
The bat hits your purple ugly thing but does no damage.
Your purple ugly thing trunk-slaps the bat.
The bat dies!
Your purple ugly thing trunk-slaps the worm!
Your purple ugly thing trunk-slaps the worm!
The worm dies!
The cyan ugly thing completely misses you.
A worm comes into view.
The cyan ugly thing punches you! The cyan ugly thing shocks you!
Ouch! That really hurt!
You die...
Your body disappears without a glow.

..........$..# #
....#.#..#.### .#.
#w.#.##.#.# ...
#..#.##.#.# ..#
##.....#.#u# ..# ..
#..#u#.# ...
#.#....#.# #.#
#....u...# #.#
#.##.@.##############
#.########## #...#
#..........#
.............##...#
#.########.#
#.######..........#
#.# ##.## ..<#
#####..####.##
####...# .#.......#
#..###<..###.......
...#######
#............##.<.#
####
##.#....###.####.##
#......# #.####.##


You could see a cyan ugly thing, a worm and a friendly purple ugly thing.

Vanquished Creatures
  2 dart slugs
  2 giant geckos (D:1)
  3 bats
  2 giant cockroaches
  3 goblins (D:1)
  3 hobgoblins (D:1)
  3 jackals (D:2)
  A ball python (D:2)
  A giant newt (D:2)
  2 kobolds
  7 rats
29 creatures vanquished.

Vanquished Creatures (collateral kills)
  A worm (D:2)
  A bat (D:2)
  A quokka (D:2)
3 creatures vanquished.

Vanquished Creatures (others)
  A hobgoblin (D:1)
  A bat (D:1)
  A kobold (D:2)
3 creatures vanquished.

Grand Total: 35 creatures vanquished

Notes
Turn   | Place    | Note
--------------------------------------------------------------
     0 | D:1      | Krovax1 the Halfling Artificer began the quest for the Orb.
     0 | D:1      | Reached XP level 1. HP: 12/12 MP: 3/3
    86 | D:1      | You fall through a shaft!
   131 | D:1      | Reached XP level 2. HP: 7/18 MP: 4/4
   134 | D:1      | Reached skill level 1 in Fighting
   765 | D:1      | Reached XP level 3. HP: 16/23 MP: 5/5
  1240 | D:2      | Found a sparkling altar of Nemelex Xobeh.
  1318 | D:2      | Became a worshipper of Nemelex Xobeh the Trickster
  1341 | D:2      | Received a gift from Nemelex Xobeh
  1580 | D:2      | Noticed a cyan ugly thing
  1602 | D:2      | Slain by a cyan ugly thing

Skill      XL: |  1  2 |
---------------+-------+-----
Fighting       | 1 |  1.1
Short Blades   | |  1.7
Armour         | |  0.4
Dodging        | |  2.5
Stealth        | |  1.3
Evocations     | |  3.8

Action                   || total
-------------------------++-------
Melee: Short sword       ||   109
Evoke: Wand              ||     9
       Deck              ||     1
  Use: Scroll            ||     4
 Stab: Sleeping          ||     3
  Eat: Chunk             ||     2
Armor: Leather armour    ||    43
Dodge: Dodged            ||   103
